 Dungeon Crawl Stone Soup version 0.21.1-1-g345015f (webtiles) character file.

44 troglodite the Skirmisher (level 3, 0/29 HPs)
             Began as a Demonspawn Berserker on Mar 12, 2018.
             Was a Follower of Trog.
             Killed from afar by Natasha (1 damage)
             ... with a magic dart
             ... on level 2 of the Dungeon.
             The game lasted 00:03:33 (909 turns).

troglodite the Skirmisher (Demonspawn Berserker)     Turns: 909, Time: 00:03:34

Health: 0/29       AC:  5    Str: 17    XL:     3   Next: 41%
Magic:  3/3        EV: 11    Int:  8    God:    Trog [*.....]
Gold:   34         SH:  0    Dex: 13    Spells: 2/2 levels left

rFire    . . .     SeeInvis .   a - +0 falchion
rCold    . . .     Gourm    .   (no shield)
rNeg     . . .     Faith    +   j - +0 ring mail
rPois    .         Spirit   .   (no helmet)
rElec    .         Reflect  .   (no cloak)
rCorr    .         Harm     .   (no gloves)
MR       .....                  (no boots)
Stlth    +.........             i - amulet of faith
HPRegen  0.09/turn              (no ring)
MPRegen  0.08/turn              (no ring)

@: no status effects
A: demonic guardian 1, powered by death 1
a: Berserk, Burn Spellbooks, Renounce Religion


You were on level 2 of the Dungeon.
You worshipped Trog.
Trog was aware of your devotion.
You were not hungry.

You visited 1 branch of the dungeon, and saw 2 of its levels.

You collected 34 gold pieces.

Inventory:

Hand Weapons
 a - a +0 falchion (weapon)
Armour
 j - a +0 ring mail (worn)
Jewellery
 i - an amulet of faith (around neck)
Scrolls
 b - a scroll of random uselessness {unknown}
 d - a scroll of teleportation {unknown}
 k - a scroll of enchant armour {unknown}
Potions
 e - a potion of haste {unknown}
 g - a potion of lignification {unknown}
 h - 2 potions of heal wounds {unknown}
Comestibles
 c - 4 rations
 f - 3 chunks of flesh


   Skills:
 * Level 3.5 Fighting
 + Level 3.1 Long Blades
 * Level 2.3 Armour
 * Level 2.0 Dodging
 + Level 0.1 Stealth


You had 2 spell levels left.
You didn't know any spells.

Dungeon Overview and Level Annotations

Branches:
Dungeon (2/15)

Altars:

Annotations:
D:2 Natasha


Innate Abilities, Weirdness & Mutations

A weak demonic guardian rushes to your aid.
You regenerate a little health from kills.


Message History

Trog accepts your kill.
A worm comes into view.
You open the door.
Found a club and 10 gold pieces.
There is an open door here.
Something claws your iron imp but does no damage.
Your iron imp hits Natasha.
Natasha stares at you and mumbles some strange words.
The magic dart hits your iron imp. Natasha claws your iron imp!
Your iron imp dies!
Natasha stares at you and mumbles some strange words.
The magic dart hits you!
* * * LOW HITPOINT WARNING * * *
Natasha casts a spell at you. The magic dart hits you!
* * * LOW HITPOINT WARNING * * *
Natasha casts a spell at you. The magic dart hits you!
You die...

#####.#..####+#+#######.#.#<#...#
## #.#............# #.#.###...#
.# #.....##.......# #.#.. ...# .#
#.....##.......# #.### #..#
.####.....##.......####.######..#
....h.......).................>[
.####.............#####.#######+
.# ######.####.########.#
..........h.....@.......#
#########.####.########## #.. #.#
##. #.# .. #.# .. #.# ..##.. #..
#..


You could see Natasha.

Vanquished Creatures
  Natasha (D:2)
  2 leopard geckos (D:1)
  2 goblins (D:1)
  4 hobgoblins
  2 jackals (D:1)
  A bat (D:1)
  3 kobolds (D:1)
  A rat (D:1)
16 creatures vanquished.

Vanquished Creatures (collateral kills)
  A rat (D:2)
1 creature vanquished.

Grand Total: 17 creatures vanquished

Notes
Turn   | Place    | Note
-------+----------+-------------------------------------------
     0 | D:1      | troglodite the Demonspawn Berserker began the quest for the Orb.
     0 | D:1      | Reached XP level 1. HP: 18/18 MP: 1/1
   199 | D:1      | Gained mutation: A weak demonic guardian rushes to your aid. [demonic ancestry]
   199 | D:1      | Reached XP level 2. HP: 22/24 MP: 2/2
   761 | D:2      | Noticed Natasha
   772 | D:2      | Noticed a crimson imp
   773 | D:2      | Killed Natasha
   773 | D:2      | Gained mutation: You regenerate a little health from kills. [demonic ancestry]
   773 | D:2      | Reached XP level 3. HP: 2/29 MP: 3/3
   869 | D:2      | Noticed Natasha
   908 | D:2      | HP: 1/29 [Natasha/magic dart (6)]
   909 | D:2      | Killed from afar by Natasha

Skill      XL: |  1  2 |
---------------+-------+-----
Armour         | 2 |  2.3
Long Blades    | 3 |  3.1
Dodging        | 2 |  2.0
Fighting       | |  3.5
Stealth        | |  0.1

Action                   || total
-------------------------++-------
Melee: Falchion          ||    63
Invok: Berserk           ||     1
  Eat: Chunk             ||     1
Armor: Animal skin       ||     4
       Ring mail         ||     5
Dodge: Dodged            ||    44
       Rpst.: Falchion   ||    15
